 Dungeon Crawl Stone Soup version 0.28-a0-1616-g050a50673c (webtiles) character file.

Game seed: 6064734724961983113

46 soggyman666 the Magician (level 3, -5/25 HPs)
             Began as a Djinni Fire Elementalist on Jan 22, 2022.
             Slain by Natasha (7 damage)
             ... on level 2 of the Dungeon.
             The game lasted 00:03:38 (3138 turns).

soggyman666 the Magician (Djinni Fire Elementalist) Turns: 3138, Time: 00:03:39

Health: -5/25      AC:  2    Str:  7    XL:     3   Next: 95%
Gold:   60         EV: 12    Int: 18    God:
                   SH:  0    Dex: 13

rFire   + + .      SeeInvis +   (no weapon)
rCold   . . .      Faith    .   (no shield)
rNeg    . . .      Spirit   .   a - +0 robe
rPois   ∞          Reflect  .   (no helmet)
rElec   .          Harm     .   (no cloak)
rCorr   .          Rampage  .   (no gloves)
Will    .....                   (boots unavailable)
Stlth   ++........              (no amulet)
HPRegen 0.08/turn               f - ring of protection from cold
MPRegen 0.00/turn               d - ring of see invisible

@: flying
A: sickness immunity, fire resistance 2, cold vulnerability 1, float, innate
caster, hp casting, extra vitality 1
a: no special abilities


You were on level 2 of the Dungeon.
You visited 1 branch of the dungeon, and saw 2 of its levels.

You collected 60 gold pieces.

Inventory:

Armour
 a - a +0 robe (worn)
Jewellery
 d - a ring of see invisible (right hand)
 f - a ring of protection from cold (left hand)
Potions
 b - a potion of berserk rage {unknown}
 c - a potion of curing {unknown}
 e - a potion of heal wounds {unknown}


   Skills:
 - Level 2.1 Dodging
 - Level 1.5 Stealth
 + Level 3.5 Spellcasting


You couldn't memorise any spells.
You knew the following spells:

 Your Spells              Type           Power      Damage    Failure   Level
a - Foxfire               Conj/Fire      64%        2x1d7     3%          1
b - Scorch                Fire           32%        2d6       5%          2
c - Conjure Flame         Conj/Fire      16%        6-21      11%         3
d - Inner Flame           Hex/Fire       16%        N/A       11%         3
e - Flame Wave            Conj/Fire      16%        2d6       34%         4
f - Summon Small Mammal   Summ           64%        N/A       3%          1
Your spell library was empty.

Dungeon Overview and Level Annotations

Branches:
Dungeon (2/15)

Altars:

Shops:
D:1 [

Annotations:
D:2 Natasha, Terence


Innate Abilities, Weirdness & Mutations

You are immune to sickness and miasma.
You are immune to poison.
Your flesh is very heat resistant. (rF++)
You are vulnerable to cold. (rC-)
You float through the air rather than walking.
You learn spells naturally, not from books.
Your magical power is your life essence.
You have superior vitality. (+4 MHP)


Message History

The worm is lightly wounded.
Natasha mumbles some strange words.
Natasha glows brightly for a moment.
The foxfire hits Terence but does no damage.
You conjure some foxfire!
The foxfire hits the worm.
The worm is moderately wounded.
You conjure some foxfire!
The foxfire hits the jackal.
You kill the jackal!
The foxfire hits the worm.
The worm is heavily wounded.
The foxfire hits the worm.
The worm is heavily wounded.
You conjure some foxfire!
The foxfire hits the worm.
The worm is almost dead.
The worm bites you. Terence closely misses you.
You are too injured to fight recklessly!
Unknown command.
Your foxfire dissipates!
The foxfire hits Terence.
Terence is lightly wounded.
Natasha casts a spell at you. The magic dart hits you.
* * * LOW HITPOINT WARNING * * *
Casting: Foxfire (safe; 3% risk of failure)
Confirm with . or Enter, or press ? or * to list all spells.
The spell is quite dangerous to miscast (11% risk of failure)!
Continue anyway? [Y]es or [N]o only, please.
The spell is quite dangerous to miscast (11% risk of failure)!
Continue anyway?
The fire begins to smoulder!
* * * LOW HITPOINT WARNING * * *
Natasha smothers the flame.
Casting: Conjure Flame (quite dangerous; 11% risk of failure)
Confirm with . or Enter, or press ? or * to list all spells.
Flames lash Terence.
Terence is heavily wounded.
Terence's fire resistance burns away.
* * * LOW HITPOINT WARNING * * *
Natasha completely misses you. Terence barely misses you. Natasha claws you!
You die...

#####.####.###
#............#
#####..###.#.# .# ##.#
#.#.# ..)## #.###.#.####
.....#### #..##.#.....
#.......######.##.#####.
#...................#.
###..@######.##.###.#.
### ####h....#.##.# #.#.
.... #.####.#.##.###.#.
..... #@# #.##.#...#.
...:..###.# #..#.#.###.
......@..w#
#+##.#.#†###.
..........#
.........†...
....†.....#
.............
.!........#
.............


You could see Natasha.

Vanquished Creatures
  2 worms (D:2)
  2 dart slugs (D:1)
  2 ball pythons
  4 endoplasms (D:1)
  3 giant cockroaches
  4 goblins
  4 hobgoblins (D:1)
  2 jackals (D:2)
  2 quokkas
  2 bats
  2 frilled lizards (D:1)
  A kobold (D:2)
  A rat (D:2)
31 creatures vanquished.

Vanquished Creatures (others)
  174 foxfires
174 creatures vanquished.

Grand Total: 205 creatures vanquished

Notes
Turn   | Place    | Note
-------+----------+-------------------------------------------
     0 | D:1      | soggyman666 the Djinni Fire Elementalist began the quest
                  | for the Orb.
     0 | D:1      | Reached XP level 1. HP: 15/15 MP: 0/0
   594 | D:1      | Found Feal Jag's Antique Armour Boutique.
   970 | D:1      | Found a faded altar of an unknown god.
   974 | D:1      | Reached XP level 2. HP: 17/21 MP: 0/0
  1484 | D:1      | Reached skill level 3 in Spellcasting
  1867 | D:1      | Reached XP level 3. HP: 22/25 MP: 0/0
  1867 | D:1      | Learned a level 1 spell: Summon Small Mammal
  3123 | D:2      | Noticed Terence
  3126 | D:2      | Noticed Natasha
  3138 | D:2      | Slain by Natasha

Illustrated notes

Levels and vault maps discovered:
D:1:      dpeg_arrival_lava_temple_mockup, layout_loops_cross,
          ebering_ecumenical_altar_rust, serial_co_window_serial,
          co_window_corner_a, co_window_paths_a, co_window_corner_a,
          co_window_of_opportunity_a, co_window_paths_a, co_window_corner_a,
          co_window_of_opportunity_a, co_window_of_opportunity_a,
          co_window_paths_a, co_window_unsneaky_path_d,
          co_window_of_opportunity_c, co_window_of_opportunity_c,
          co_window_unsneaky_path_e, glass_columns_a, serial_shops,
          nicolae_shop_stone, st_stairs_3
D:2:      layout_basic, serial_curves, eino_curves_04, eino_curves_01,
          minmay_randomly_rotated_circles, uniq_terence, uniq_natasha

Skill      XL: |  1  2 |
---------------+-------+-----
Spellcasting   | 3 |  3.5
Dodging        | |  2.1
Stealth        | |  1.5

Action                   || total
-------------------------++-------
 Cast: Foxfire           ||   130
       Scorch            ||     6
       Conjure Flame     ||     1
  Use: Scroll            ||     1
Armor: Robe              ||     1
Dodge: Dodged            ||     7

Table legend: (Time is in decaauts)
 A = Elapsed time spent in this place.
 B = Non-inter-level travel time spent in this place.
 C = Inter-level travel time spent in this place.
 D = Time resting spent in this place.
 E = Time spent auto-exploring this place.
 F = Levels seen in this place.
 G = Mean time per level.
                   A        B        C        D        E       F      G
               +--------+--------+--------+--------+--------+-----+--------+
         Total |   3134 |   3078 |     56 |    250 |   2590 |   2 | 1567.0 |
       Dungeon |   3134 |   3078 |     56 |    250 |   2590 |   2 | 1567.0 |
               +--------+--------+--------+--------+--------+-----+--------+

Top non-repeatable levels by time:
     D:1: 2455 daAuts
     D:2: 679 daAuts
